 Dungeon Crawl Stone Soup version 0.29.1-1-gd02db6906a (webtiles) character file.

Game seed: 3211687326670460134

511 Acheron the Chopper (level 7, 0/50 (52) HPs)
             Began as a Human Gladiator on Oct 19, 2022.
             Slain by a wight
             ... wielding a +5 scimitar
              (2 damage)
             ... on level 7 of the Dungeon.
             The game lasted 00:13:09 (3272 turns).

Acheron the Chopper (Human Gladiator)               Turns: 3272, Time: 00:13:10

HP:   0/50 (52)     AC:  7    Str: 14    XL:     7   Next: 43%
MP:   7/7           EV: 13    Int:  8    God:
Gold: 116           SH:  5    Dex: 23    Spells: 3/6 levels left

rFire   . . .      SeeInvis .   a - +0 war axe
rCold   . . .      Faith    .   (no shield)
rNeg    . . .      Spirit   .   j - +0 ring mail
rPois   .          Reflect  +   c - +0 helmet
rElec   .          Harm     .   r - scarf {+Inv}
rCorr   .          Rampage  .   (no gloves)
Will    +....                   k - +0 pair of boots
Stlth   ++........              p - amulet of reflection
HPRegen 0.16/turn               g - +6 ring of dexterity
MPRegen 0.10/turn               s - ring of willpower

@: lethally poisoned (0 -> -7), lightly drained
A: no striking features
a: Evoke Invisibility


You were on level 7 of the Dungeon.
You visited 1 branch of the dungeon, and saw 8 of its levels.

You collected 138 gold pieces.
You spent 22 gold pieces at shops.

Inventory:

Hand Weapons
 a - a +0 war axe (weapon)
Missiles
 b - 2 boomerangs
 d - 3 throwing nets (quivered)
 e - a javelin
 f - 3 poisoned darts
Armour
 c - a +0 helmet (worn)
 j - a +0 ring mail (worn)
 k - a +0 pair of boots (worn)
 r - a scarf of invisibility (worn)
Magical Staves
 m - a staff of fire
Jewellery
 g - a +6 ring of dexterity (left hand)
 i - a +6 ring of intelligence
 o - a +4 ring of evasion
 p - an amulet of reflection (around neck)
 s - a ring of willpower (right hand)
Wands
 q - a wand of digging (5)
 v - a wand of roots (10)
Scrolls
 x - a scroll of noise
Potions
 h - 2 potions of curing
 l - a potion of mutation {unknown}
 t - a potion of haste {unknown}
 w - a potion of magic {unknown}


   Skills:
 * Level 3.4 Fighting
 + Level 4.6 Axes
 * Level 3.0 Throwing
 * Level 2.6 Armour
 * Level 4.0 Dodging
 * Level 2.0 Stealth
 + Level 0.3 Shields
 * Level 0.4 Spellcasting
 * Level 0.9 Earth Magic
 * Level 1.3 Evocations


You had 3 spell levels left.
You knew the following spells:

 Your Spells              Type           Power      Damage    Failure   Level
a - Sandblast             Erth           2%         2d4       50%         1
b - Passwall              Tmut/Erth      0%         N/A       71%         2

Your spell library contained the following spells:

 Spells                   Type           Power      Damage    Failure   Level
 Stone Arrow              Conj/Erth      0%         3d7       91%         3
 Dazzling Flash           Conj/Hex       0%         N/A       94%         3
 Portal Projectile        Hex/Tloc       0%         N/A       94%         3
 Tukima's Dance           Hex            0%         N/A       94%         3
 Iskenderun's Mystic Bla  Conj/Tloc      0%         2d3       100%        4
 Blade Hands              Tmut           0%         N/A       100%        5
 Starburst                Conj/Fire      0%         6d3       100%        6


Dungeon Overview and Level Annotations

Branches:
Dungeon (8/15)
 Temple: D:4-7         Lair: D:8-11

Altars:
Kikubaaqudgha
The Shining One

Shops:
D:2 ?

Annotations:
D:2 exclusion: downstairs, Grinder
D:5 Menkaure
D:6 exclusion: upstairs
D:8 exclusion: upstairs


Message History

The wight attacks as you move away! The wight closely misses you.
The wight attacks as you move away! The wight hits you with a +5 scimitar!
There is an escape hatch in the ceiling here.
The wight hits you with a +5 scimitar!
You feel drained. A mysterious force pulls you upwards.
The hatch slams shut behind you.
The gnoll shouts! x3
Found an escape hatch in the ceiling.
The wight hits you with a +5 scimitar!
* * * LOW HITPOINT WARNING * * *
The gnoll barely misses you. The gnoll attacks as you move away!
The gnoll hits you with a +0 whip.
* * * LOW HITPOINT WARNING * * *
The wight attacks as you move away! The wight hits you with a +5 scimitar.
* * * LOW HITPOINT WARNING * * *
The gnoll sergeant closely misses you.
The iguana bites you but does no damage.
The gnoll hits you with a +0 flail.
* * * LOW HITPOINT WARNING * * *
Okay, then.
You feel much better. The wight misses you.
The gnoll sergeant hits you from afar with a +0 spear of venom.
You are poisoned.
The iguana completely misses you.
The sky beast hits you but does no damage.
The gnoll hits you but does no damage. The gnoll closely misses you.
You slash the gnoll!
The gnoll is heavily wounded.
You closely miss the gnoll. You slash the iguana! You hit the gnoll.
You hit the sky beast. You barely miss the wight.
You feel very sick. The wight barely misses you.
The gnoll barely misses you. x2
The sky beast flickers out of sight!
Deactivating autopickup; reactivate with Ctrl-A.
Something hits you but does no damage. The gnoll hits you with a +0 whip.
The gnoll sergeant hits you from afar with a +0 spear of venom!
* * * LOW HITPOINT WARNING * * *
The iguana closely misses you. The wight hits you with a +5 scimitar!
* * * LOW HITPOINT WARNING * * *
You feel drained.
You die...

### ##.##
##...#
#....##
#.....#
##..gz.##
#..g@...#
#..l{g..#
#.g.....#
#.......#
#....<..#
........#
........##
###......#


You could see a gnoll sergeant, an iguana, a wight and 3 gnolls.

Vanquished Creatures
  An ice beast (D:6)
  A phantom (D:6)
  A scorpion (D:5)
  4 hounds
  A jelly (D:7)
  2 orc wizards
  A gnoll (D:6)
  2 adders
  A white imp (D:6)
  A worm (D:2)
  2 dart slugs
  6 orcs
  2 endoplasms
  3 giant cockroaches
  2 goblins (D:1)
  6 hobgoblins
  4 quokkas
  4 ball pythons
  5 bats
  2 frilled lizards
  2 kobolds
  5 rats
58 creatures vanquished.

Notes
Turn   | Place    | Note
-------+----------+-------------------------------------------
     0 | D:1      | Acheron the Human Gladiator began the quest for the Orb.
     0 | D:1      | Reached XP level 1. HP: 16/16 MP: 1/1
   132 | D:1      | Found a faded altar of an unknown god.
   239 | D:1      | Reached XP level 2. HP: 20/22 MP: 2/2
   294 | D:1      | Learned a level 1 spell: Sandblast
   649 | D:2      | Found Mabuat's Magic Scroll Emporium.
   659 | D:2      | Bought a scroll of identify for 22 gold pieces
   952 | D:3      | Noticed Grinder
  1036 | D:2      | Reached XP level 3. HP: 22/27 MP: 3/3
  1203 | D:2      | Reached skill level 1 in Armour
  1627 | D:2      | Paralysed by Grinder for 4 turns
  1630 | D:2      | HP: 1/27 [Grinder/nerve-wracking pain (4)]
  1740 | D:3      | Found a glowing golden altar of the Shining One.
  1767 | D:3      | Reached XP level 4. HP: 30/33 MP: 4/4
  1929 | D:3      | Noticed a scorpion
  1950 | D:5      | Entered Level 5 of the Dungeon
  1950 | D:5      | Noticed a scorpion
  1985 | D:5      | Killed a scorpion
  1986 | D:5      | Reached skill level 1 in Stealth
  1986 | D:5      | Reached XP level 5. HP: 34/39 MP: 5/5
  2054 | D:5      | Learned a level 2 spell: Passwall
  2226 | D:5      | Noticed Menkaure
  2258 | D:6      | Noticed a phantom
  2263 | D:6      | Reached XP level 6. HP: 43/46 MP: 6/6
  2564 | D:6      | Reached skill level 1 in Evocations
  2802 | D:6      | Found an ancient bone altar of Kikubaaqudgha.
  2813 | D:6      | Noticed an ice beast
  2856 | D:7      | Reached XP level 7. HP: 49/52 MP: 7/7
  3272 | D:7      | HP: 2/51 [wight/+5 scimitar (9)]
  3272 | D:7      | Slain by a wight

Illustrated notes

Levels and vault maps discovered:
D:1:      dpeg_arrival_connections, layout_loops_ring,
          shapermc_ecumenical_altar_totnotflames
D:2:      layout_basic, serial_shops, nicolae_shop_competitors_out_of_business,
          nicolae_titane
D:3:      layout_rooms, nicolae_overflow_crystal_walls, uniq_robin, uniq_grinder
D:4:      layout_rooms, mainiacjoe_overflow_alcove_2,
          mainiacjoe_overflow_24_doors, minmay_temple_entry_nine_rooms,
          hangedman_decor_slide_cut, chequers_jeans, uniq_sigmund
D:5:      layout_loops_ring, zin_academy, goddamned_bats, uniq_menkaure
D:6:      layout_gridville, mainiacjoe_overflow_tiny_flanked, minivault_26
D:7:      layout_cave_pods, kennysheep_slug_shrine, serial_park,
          serial_park_gazebo [serial_park_minivault_5x5_4], serial_park_tiny_1,
          serial_park_paths [serial_park_minivault_5x5_2], serial_park_tiny_1,
          serial_park_square2, minmay_misc_feat_diagonals
D:8:      layout_rooms, lair_entry_dummy, uniq_maurice

Skill      XL: |  1  2  3  4  5  6  7 |
---------------+----------------------+-----
Armour         | 1 2 |  2.6
Stealth        | 1 2 |  2.0
Axes           | 4 |  4.6
Fighting       | 3 |  3.4
Evocations     | 1 |  1.3
Dodging        | 4 |  4.0
Throwing       | 3 |  3.0
Shields        | |  0.3
Spellcasting   | |  0.4
Earth Magic    | |  0.9

Action                   |  1- 3 |  4- 6 |  7- 9 || total
-------------------------+-------+-------+-------++-------
Melee: War axe           |    72 |   108 |    33 ||   213
       Punch             |       |     1 |     1 ||     2
  Use: Scroll            |     3 |     1 |     2 ||     6
       Potion            |     1 |       |     1 ||     2
 Stab: Sleeping          |     1 |     2 |       ||     3
Armor: Leather armour    |     7 |       |       ||     7
       Ring mail         |    30 |    29 |    17 ||    76
Dodge: Dodged            |    72 |    69 |    16 ||   157
Block: Other             |       |    26 |     7 ||    33
       Reflection        |       |     1 |       ||     1
